 Seeded DCSS version 0.30-a0-989-g0d87f670db (webtiles) character file.

Game seed: 12174115960195584590 (custom seed)

21787 DeathPants the Carver (level 12, -10/67 HPs)
             Began as a Vine Stalker Delver on Apr 3, 2023.
             Was an Initiate of Gozag.
             Hit by a large rock thrown by a cyclops (35 damage)
             ... on level 12 of the Dungeon.
             The game lasted 00:41:18 (10691 turns).

DeathPants the Carver (Vine Stalker Delver)        Turns: 10691, Time: 00:41:18

Health: -10/67     AC: 15    Str: 23    XL:     12   Next: 93%
Magic:  0/22       EV: 12    Int: 20    God:    Gozag
Gold:   2405       SH:  0    Dex: 18    Spells: 9/23 levels left

rFire   x . .      SeeInvis .    a - +9 falchion "Koqeber" {drain, rC- rN+++ Str+6}
rCold   x . .      Faith    .    (no shield)
rNeg    + + +      Spirit   +    u - +0 acid dragon scales
rPois   .          Reflect  .    e - +1 helmet
rElec   +          Rampage  .    j - scarf "Jojumos" {+Inv, rElec rF- Dex+3 Slay+5}
rCorr   +                        (no gloves)
Will    +....                    P - +2 pair of boots {Stlth+}
Stlth   ++++                     G - amulet of regeneration
HPRegen 1.91/turn                n - +4 ring of protection
MPRegen 0.18/turn                y - +6 ring of intelligence

@: no status effects
A: fangs 3, regeneration 1, magic shield, antimagic bite, no potion heal 2
a: Renounce Religion, Evoke Invisibility, Potion Petition, Call Merchant, Bribe
Branch


You were on level 12 of the Dungeon.
You worshipped Gozag.
Gozag was most pleased with you.
You visited 2 branches of the dungeon, and saw 14 of its levels.

You collected 2525 gold pieces.
You spent 52 gold pieces at shops.
You paid 68 gold pieces to Gozag.

Inventory:

Hand Weapons
 a - the +9 falchion "Koqeber" (weapon) {drain, rC- rN+++ Str+6}
   (You found it on level 9 of the Dungeon)

   Str:       It affects your strength (+6).
   rC:        It makes you vulnerable to cold.
   rN:        It renders you almost immune to negative energy.
 b - a +1 scimitar
 N - the +3 rapier "Isic" {protect, rC++ Dex-5}
   (You found it on level 12 of the Dungeon)

   Dex:       It affects your dexterity (-5).
   rC:        It greatly protects you from cold.
 V - a +2 dagger of venom
Missiles
 h - 12 boomerangs
 t - 3 poisoned darts
 H - 4 silver javelins
 W - 6 curare-tipped darts
Armour
 e - a +1 helmet (worn)
 j - the scarf "Jojumos" (worn) {+Inv, rElec rF- Dex+3 Slay+5}
   (You found it on level 5 of the Dungeon)

   Dex:       It affects your dexterity (+3).
   Slay:      It affects your accuracy & damage with ranged weapons and melee
   (+5).
   rF:        It makes you vulnerable to fire.
   rElec:     It insulates you from electricity.
 u - +0 acid dragon scales (worn)
 E - the +2 shield of Resistance {rF++ rC++ Will++}
   (You found it on level 5 of the Dungeon)

   rF:        It greatly protects you from fire.
   rC:        It greatly protects you from cold.
   Will:      It greatly increases your willpower.
 P - a +2 pair of boots of stealth (worn)
 U - a +3 leather armour
Jewellery
 n - a +4 ring of protection (left hand)
 o - a ring of flight
 s - a ring of resist corrosion
 y - a +6 ring of intelligence (right hand)
 A - a ring of protection from cold
 C - a ring of protection from fire
 G - an amulet of regeneration (around neck)
 R - a +6 ring of dexterity
Wands
 g - a wand of digging (20)
 w - a wand of roots (10)
 K - a wand of paralysis (3)
 Q - a wand of light (15)
 X - a wand of polymorph (4)
Scrolls
 c - 4 scrolls of fog
 d - 4 scrolls of magic mapping
 f - 2 scrolls of enchant weapon
 l - 2 scrolls of vulnerability
 m - 6 scrolls of teleportation
 p - 3 scrolls of enchant armour
 v - 6 scrolls of fear
 T - 2 scrolls of silence
Potions
 i - 2 potions of might
 k - a potion of invisibility {unknown}
 q - 7 potions of curing
 r - 4 potions of flight
 x - a potion of mutation
 z - 6 potions of attraction
 B - 3 potions of magic
 D - 2 potions of lignification
 F - 4 potions of berserk rage
 I - a potion of cancellation
 J - 2 potions of resistance
 L - a potion of brilliance
 O - a potion of heal wounds
 S - 2 potions of haste
Miscellaneous
 M - a tin of tremorstones (2/2)


   Skills:
 - Level 9.6 Fighting
 - Level 13.0 Long Blades
 - Level 2.0 Dodging
 - Level 6.3 Stealth
 * Level 0.0 Shields
 - Level 6.0 Spellcasting
 - Level 7.3 Hexes
 - Level 7.5 Necromancy


You had 9 spell levels left.
You knew the following spells:

 Your Spells              Type           Power      Damage    Failure   Level
a - Tukima's Dance        Hex            35%        N/A       1%          3
b - Vampiric Draining     Necr           36%        2d8       1%          3
c - Cause Fear            Hex            17%        N/A       6%          4
d - Dispel Undead         Necr           36%        3d15      6%          4

Your spell library contained the following spells:

 Spells                   Type           Power      Damage    Failure   Level
 Slow                     Hex            100%       N/A       1%          1
 Confusing Touch          Hex            35%        N/A       1%          3
 Cigotuvi's Dreadful Rot  Necr/Pois/Air  32%        N/A       7%          2
 Inner Flame              Hex/Fire       20%        N/A       9%          3
 Portal Projectile        Hex/Tloc       40%        N/A       9%          3
 Summon Guardian Golem    Hex/Summ       20%        N/A       9%          3
 Beastly Appendage        Tmut           12%        N/A       13%         1
 Sandblast                Erth           12%        2d6       13%         1
 Sting                    Tmut/Pois      24%        1d4       13%         1
 Summon Small Mammal      Summ           24%        N/A       13%         1
 Blink                    Tloc           12%        N/A       21%         2
 Passwall                 Tmut/Erth      5%         N/A       21%         2
 Poisonous Vapours        Pois/Air       12%        N/A       21%         2
 Wereblood                Tmut           6%         N/A       21%         2
 Call Canine Familiar     Summ           6%         N/A       36%         3
 Spider Form              Tmut/Pois      6%         N/A       36%         3
 Stone Arrow              Conj/Erth      12%        3d7       36%         3
 Death Channel            Necr           18%        N/A       65%         6
 Manifold Assault         Tloc           6%         N/A       78%         4
 Olgreb's Toxic Radiance  Pois           6%         N/A       78%         4
 Blade Hands              Tmut           3%         N/A       98%         5
 Storm Form               Tmut/Air       3%         N/A       100%        7
 Discord                  Hex            17%        N/A       100%        8


Dungeon Overview and Level Annotations

Branches:
Dungeon (13/15)            Temple (1/1) D:5            Lair (0/5) D:10
    Orc (0/2) D:10
 Vaults: D:13-14

Altars:
Cheibriados
Dithmenos
Gozag
Hepliaklqana
Kikubaaqudgha
Nemelex Xobeh
Okawaru
Qazlal
Ru
Sif Muna
Uskayaw
Vehumet
Wu Jian
Xom

Shops:
D:1 ([?

Annotations:
D:7 3 runed translucent doors, bmack86's ghost, novice MiFi


Innate Abilities, Weirdness & Mutations

You have razor-sharp teeth.
Your natural rate of healing is unusually fast.
When hurt, damage is shared between your health and your magic reserves.
Your bite disrupts and absorbs the magic of your enemies.
Potions cannot restore your health.


Message History

Things that are here:
a +0 flail; a +0 scale mail You now have 2396 gold pieces (gained 5).
D - 2 potions of lignification (gained 1)
Things that are here:
a +0 dagger; a +0 robe You now have 2405 gold pieces (gained 9).
You see here a +0 dagger.
q - 7 potions of curing (gained 1)
Found a falchion.
You open the door.
There is an open door here.
You see here the +3 rapier "Isic" {protect, rC++ Dex-5}.
N - the +3 rapier "Isic" {protect, rC++ Dex-5} You open the door.
Found a stone staircase leading down.
There is an open door here.
There is a stone staircase leading down here.
You climb downwards.
There is a stone staircase leading up here.
You climb upwards.
There is a stone staircase leading down here.
There is a stone staircase leading down here.
w - a wand of roots (10) (gained 5 charges)
There is an open door here.
X - a wand of polymorph (4)
You open the door.
Found 5 stones.
There is an open door here.
You open the door.
There is an open door here.
There is an open door here.
A cyclops comes into view.
The cyclops shouts!
The cyclops throws a large rock.
The large rock hits you!!
The cyclops throws a large rock.
The large rock hits you!!
The cyclops throws a large rock.
The large rock hits you!!!
Ouch! That really hurt!
You die...
Your body crumbles into a pile of gold.

#.###.#...#. #.. ###.........#.
#.. #..........)..
####..#####.##.#.##.###.
..........'.##.#.##.###.
..........#.##..........
......C...#.##.#.#.##.##
..........#....#........
.......@....##.#.#.#.##.
######...######.##...#......
#####....#####......## #......#.
#...#..#.#...'.........#.#......
#...'..#.#...#..###.##........#.
###..#....#####......##.#.##.#.#.
..#..#.............#...........).
..#..#..........#..#.##.###.##.#.
..#..#..........#..#.............


You could see a cyclops.

Vanquished Creatures
  A boulder beetle (D:12)
  7 two-headed ogres
  Sonja (D:11)
  Nergalle (D:11)
  A skeletal warrior (D:10)
  Pikel (D:4)
  A deep elf pyromancer (D:12)
  A harpy (D:10)
  6 cyclopes
  2 ugly things (D:12)
  Maggie (D:10)
  A kobold demonologist (D:12)
  2 komodo dragons
  4 trolls
  A hornet (D:8)
  3 shadows
  2 wyverns
  3 wraiths
  13 yaks
  A vampire (D:10)
  A basilisk (D:10)
  2 steam dragons
  4 vampire mosquitoes (D:12)
  Menkaure (D:7)
  Edmund (D:4)
  5 acid dragons
  2 water moccasins
  A hornet zombie (D:6)
  8 orc warriors
  4 sky beasts
  A black bear (D:7)
  A centaur (D:10)
  A lemure (D:4)
  A phantom (D:6)
  2 kobold brigands
  2 gnoll sergeants
  6 bullfrogs
  2 scorpions
  2 wyvern zombies (D:6)
  4 wights (D:8)
  2 water moccasin zombies (D:6)
  4 killer bees (D:9)
  5 howler monkeys
  3 bullfrog zombies (D:6)
  A centaur zombie (D:6)
  3 hounds
  2 jellies
  A centaur skeleton (D:6)
  6 orc priests
  6 iguanas
  3 sleepcaps
  A gnoll bouda (D:9)
  12 orc wizards
  Natasha (thrice) (D:4)
  2 killer bee zombies (D:6)
  Robin (D:2)
  9 gnolls
  A howler monkey skeleton (D:6)
  8 adders
  2 white imps (D:6)
  2 ufetubi
  3 worms
  2 dart slugs
  27 orcs
  2 endoplasms
  3 giant cockroaches
  11 goblins (D:2)
  8 hobgoblins
  8 quokkas
  9 ball pythons
  9 bats
  4 kobolds
  5 rats
  3 rat zombies (D:9)
275 creatures vanquished.

Vanquished Creatures (collateral kills)
  An ogre (D:6)
  An orc wizard (D:11)
2 creatures vanquished.

Vanquished Creatures (others)
  4 dancing weapons
  A plant (D:5)
  A withered plant (D:6)
6 creatures vanquished.

Grand Total: 283 creatures vanquished

Notes
Turn   | Place    | Note
-------+----------+-------------------------------------------
     0 | D:5      | DeathPants the Vine Stalker Delver began the quest for the
                  | Orb.
     0 | D:5      | Reached XP level 1. HP: 11/11 MP: 2/2
     3 | D:5      | Found a staircase to the Ecumenical Temple.
   108 | D:5      | Identified the scarf "Jojumos" {+Inv, rElec rF- Dex+3
                  | Slay+5}
   250 | D:4      | Noticed Natasha
   367 | D:3      | Reached skill level 2 in Long Blades
   380 | D:3      | Reached XP level 2. HP: 16/16 MP: 3/3
   411 | D:2      | Noticed Robin
   427 | D:2      | Found a faded altar of an unknown god.
   443 | D:2      | Killed Robin
   444 | D:2      | Reached XP level 3. HP: 15/19 MP: 2/4
   860 | D:1      | Found Limouz's Magic Scroll Shoppe.
   878 | D:1      | Bought a scroll of identify for 26 gold pieces
   878 | D:1      | Bought a scroll of identify for 26 gold pieces
   898 | D:1      | Found Ruxac's Antique Armour Emporium.
   985 | D:1      | Gained mutation: Your natural rate of healing is unusually
                  | fast. [Vine Stalker growth]
   985 | D:1      | Reached XP level 4. HP: 24/24 MP: 5/5
  1150 | D:1      | Learned a level 3 spell: Tukima's Dance
  1154 | D:1      | Found Cuken's Weapon Emporium.
  2375 | D:3      | Reached skill level 3 in Long Blades
  2525 | D:3      | Reached XP level 5. HP: 28/28 MP: 5/7
  2526 | D:3      | Reached skill level 1 in Spellcasting
  2573 | D:3      | Reached skill level 1 in Hexes
  2980 | D:5      | Noticed a water moccasin
  2993 | Temple   | Entered the Ecumenical Temple
  3055 | Temple   | Became a worshipper of Gozag Ym Sagoz the Greedy
  3076 | Temple   | Killed a water moccasin
  3077 | Temple   | Reached skill level 4 in Long Blades
  3077 | Temple   | Reached XP level 6. HP: 31/33 MP: 9/9
  3199 | D:6      | Noticed a wyvern
  3210 | D:6      | Killed a wyvern
  3211 | D:6      | Reached XP level 7. HP: 21/37 MP: 7/11
  3311 | D:5      | Reached skill level 5 in Long Blades
  3360 | D:5      | Found the +2 shield of Resistance {rF++ rC++ Will++}
  3452 | D:5      | Gained mutation: You have razor-sharp teeth. [Vine Stalker
                  | growth]
  3452 | D:5      | Reached XP level 8. HP: 42/42 MP: 13/13
  3758 | D:4      | Killed Natasha
  3880 | D:4      | Noticed Edmund
  3903 | D:4      | Killed Edmund
  3986 | D:4      | Noticed Pikel
  4006 | D:4      | Killed Pikel
  4007 | D:4      | Reached skill level 5 in Fighting
  4007 | D:4      | Reached skill level 6 in Long Blades
  4105 | D:4      | Noticed Natasha
  4111 | D:4      | Killed Natasha
  4228 | D:4      | Noticed Natasha
  4233 | D:4      | Killed Natasha
  4387 | D:6      | Reached XP level 9. HP: 44/47 MP: 14/16
  4601 | D:6      | Reached skill level 7 in Long Blades
  4666 | D:6      | Reached skill level 5 in Hexes
  4808 | D:6      | Reached skill level 5 in Spellcasting
  5222 | D:7      | Found a runed translucent gate.
  5352 | D:7      | Noticed Menkaure
  5359 | D:7      | Killed Menkaure
  5418 | D:7      | Noticed a two-headed ogre
  5437 | D:7      | Killed a two-headed ogre
  5438 | D:7      | Reached skill level 8 in Long Blades
  5438 | D:7      | Reached XP level 10. HP: 9/53 MP: 12/19
  5837 | D:7      | Found a runed translucent gate.
  5838 | D:7      | Found a runed translucent gate.
  5873 | D:7      | Learned a level 4 spell: Dispel Undead
  5965 | D:7      | Noticed bmack86's ghost (novice MiFi)
  6146 | D:8      | Learned a level 4 spell: Cause Fear
  6188 | D:8      | Reached skill level 1 in Necromancy
  6430 | D:8      | Found a hazy altar of Hepliaklqana.
  6431 | D:8      | Found a shimmering altar of Xom.
  6432 | D:8      | Noticed a spectral ugly thing
  6481 | D:8      | Reached skill level 9 in Long Blades
  6871 | D:8      | HP: 2/53 [poisoned by a gnoll sergeant]
  6987 | D:8      | Found a sparkling altar of Nemelex Xobeh.
  7230 | D:10     | Entered Level 10 of the Dungeon
  7318 | D:9      | Identified the +9 falchion "Koqeber" {drain, rC- rN+++
                  | Str+6}
  7366 | D:9      | Found an ancient bone altar of Kikubaaqudgha.
  8070 | D:10     | Found a staircase to the Lair.
  8082 | D:10     | Reached XP level 11. HP: 41/58 MP: 18/21
  8151 | D:10     | Reached skill level 10 in Long Blades
  8173 | D:10     | Noticed a cyclops
  8182 | D:10     | Killed a cyclops
  8189 | D:10     | Noticed a skeletal warrior
  8198 | D:10     | Noticed a cyclops
  8209 | D:10     | Found a staircase to the Orcish Mines.
  8349 | D:10     | Killed a skeletal warrior
  8355 | D:10     | Killed a cyclops
  8357 | D:10     | Noticed a two-headed ogre
  8505 | D:10     | Killed a two-headed ogre
  8542 | D:10     | Noticed a harpy
  8549 | D:10     | Killed a harpy
  8550 | D:10     | Reached skill level 11 in Long Blades
  8550 | D:10     | Reached skill level 5 in Necromancy
  8878 | D:10     | Noticed Maggie
  8887 | D:10     | Killed Maggie
  9131 | D:11     | Noticed Sonja
  9137 | D:11     | Killed Sonja
  9252 | D:11     | Learned a level 3 spell: Vampiric Draining
  9254 | D:11     | Noticed a two-headed ogre
  9260 | D:11     | Killed a two-headed ogre
  9261 | D:11     | Reached XP level 12. HP: 41/65 MP: 20/22
  9274 | D:11     | Noticed a two-headed ogre
  9282 | D:11     | Noticed Nergalle
  9290 | D:11     | Noticed a two-headed ogre
  9491 | D:11     | Killed a two-headed ogre
  9528 | D:11     | Killed Nergalle
  9568 | D:11     | Killed a two-headed ogre
  9569 | D:11     | Reached skill level 12 in Long Blades
 10100 | D:12     | Noticed a two-headed ogre
 10102 | D:12     | Noticed a boulder beetle
 10103 | D:12     | Noticed a two-headed ogre
 10127 | D:12     | Killed a two-headed ogre
 10129 | D:12     | Killed a two-headed ogre
 10149 | D:12     | Killed a boulder beetle
 10442 | D:12     | Reached skill level 13 in Long Blades
 10567 | D:12     | Identified the +3 rapier "Isic" {protect, rC++ Dex-5}
 10691 | D:12     | Hit by a large rock thrown by a cyclops

Illustrated notes

Levels and vault maps discovered:
D:1:      minmay_arrival_radiant_lines, layout_loops_ring, serial_shops,
          nicolae_shop_bloodbath_and_beyond, shop_fountains, shop,
          serial_forest, infiniplex_forest_clump_large,
          infiniplex_forest_straight_2, infiniplex_forest_lined_2,
          infiniplex_forest_straight_1
D:2:      layout_loops_cross, chequers_ecumenical_altar_island, uniq_robin
D:3:      layout_loops_ring
D:4:      layout_loops_ring, hangedman_glass_garden, st_stairs_13, uniq_natasha,
          uniq_pikel, uniq_edmund
D:5:      layout_basic, minmay_temple_entry_gardened_gates, gup_sewer_entry_pipe
D:6:      layout_basic, serial_undead, serial_undead_c, serial_undead_b,
          serial_undead_d, serial_undead_a, serial_undead_b, serial_undead_e,
          serial_undead_b, serial_undead_d
D:7:      layout_gridville, gammafunk_ghost_necromancy, uniq_menkaure
D:8:      layout_basic, regret_index_temple_of_mockery,
          nemelex_diamond_rough_becter, serial_glass, glass_columns_a,
          glass_columns_a, glass_columns_b, glass_columns_b, glass_columns_b,
          due_unseen_surprise
D:9:      layout_roguey, lemuel_zombie_altar_kikubaaqudgha
D:10:     minmay_the_grid_3x3 [minmay_the_grid_square_x,
          minmay_the_grid_outer_diamond, minmay_the_grid_box_x,
          minmay_the_grid_eight, minmay_the_grid_x, minmay_the_grid_spikes,
          minmay_the_grid_tree, minmay_the_grid_diamond_grid,
          minmay_the_grid_prize_big_room], layout_gridville, david_orc_2,
          minivault_1, uniq_maggie
D:11:     layout_rooms, uniq_nergalle, uniq_sonja
D:12:     layout_stronghold, minmay_diced_spiral
D:13:     layout_loops_ring, grunt_vaults_entry_fortified
Temple:   regret_index_temple_mists

Skill      XL: |  1  2  3  4  5  6  7  8  9 10 11 12 |
---------------+-------------------------------------+-----
Long Blades    | 2 3 4 5 6 8 9 11 13 | 13.0
Fighting       | 3 4 5 6 7 8 9 |  9.6
Dodging        | 2 |  2.0
Spellcasting   | 1 2 3 4 5 6 |  6.0
Hexes          | 2 3 4 5 7 |  7.3
Necromancy     | 3 5 7 |  7.5
Stealth        | |  6.3

Action                     |  1- 3 |  4- 6 |  7- 9 | 10-12 || total
---------------------------+-------+-------+-------+-------++-------
  Melee: Dagger            |    41 |    82 |   266 |    95 ||   484
         Bite              |     8 |    24 |   121 |   159 ||   312
         Punch             |       |     1 |     5 |     7 ||    13
         Falchion          |       |       |       |   282 ||   282
         Scimitar          |       |       |       |    21 ||    21
   Cast: Tukima's Dance    |       |       |     6 |    20 ||    26
         Cause Fear        |       |       |       |     1 ||     1
  Evoke: Wand              |       |       |       |     1 ||     1
    Use: Scroll            |     5 |     5 |     5 |    14 ||    29
         Potion            |     1 |       |     1 |     3 ||     5
   Stab: Sleeping          |     6 |    12 |     6 |     8 ||    32
         Distracted        |       |       |     2 |     2 ||     4
 Armour: Leather armour    |    12 |    19 |   101 |    98 ||   230
         Acid dragon scale |       |       |       |    65 ||    65
  Dodge: Dodged            |    24 |    33 |   134 |   235 ||   426

Table legend: (Time is in decaauts)
 A = Elapsed time spent in this place.
 B = Non-inter-level travel time spent in this place.
 C = Inter-level travel time spent in this place.
 D = Time resting spent in this place.
 E = Time spent auto-exploring this place.
 F = Levels seen in this place.
 G = Mean time per level.
                   A        B        C        D        E       F      G
               +--------+--------+--------+--------+--------+-----+--------+
         Total |  10593 |  10284 |    309 |    553 |   6048 |  14 |  756.6 |
       Dungeon |  10493 |  10202 |    291 |    553 |   5996 |  13 |  807.2 |
        Temple |    100 |     82 |     18 |      0 |     52 |   1 |  100.0 |
               +--------+--------+--------+--------+--------+-----+--------+

Top non-repeatable levels by time:
     D:8: 1070 daAuts
     D:5: 985 daAuts
    D:10: 946 daAuts
     D:9: 940 daAuts
     D:7: 926 daAuts
    D:12: 888 daAuts
     D:2: 868 daAuts
     D:3: 862 daAuts
     D:6: 844 daAuts
     D:4: 816 daAuts
     D:1: 677 daAuts
    D:11: 633 daAuts
  Temple: 100 daAuts
    D:13: 31 daAuts
